 Dungeon Crawl Stone Soup version 0.14-a0-3315-g09e681a (webtiles) character file.

287 Psiweapon the Vexing (level 5, 0/35 HPs)
             Began as a Vampire Enchanter on Mar 15, 2014.
             Slain by a black bear zombie (4 damage)
             ... on Level 4 of the Dungeon.
             The game lasted 00:16:48 (4466 turns).

Psiweapon the Vexing (Vampire Enchanter)            Turns: 4466, Time: 00:16:48

HP   0/35        AC  4     Str  7      XL: 5   Next:  7%
MP   9/9         EV 12     Int 17      God:
Gold 141         SH  0     Dex 15      Spells:  2 memorised,  5 levels left

rFire  . . .     SeeInvis +     B - +0 falchion
rCold  + . .     Clarity  .     j - +1 robe
rNeg   + + .     Conserve .     (no shield)
rPois  +         rCorr    .     k - +0 helmet
rElec  .         rRot     +     (no cloak)
SustAb + .       Spirit   .     (no gloves)
rMut   .         Warding  .     (no boots)
Saprov . . .     Stasis   .     (no amulet)
MR     .....                    (no ring)
                                y - ring of sustain abilities {unknown}

@: regenerating slowly, not resistant to hostile enchantments, very stealthy
A: fangs 3, see invisible, unbreathing
a: Bat Form


You were on level 4 of the Dungeon.
You were very thirsty.

You visited 1 branch of the dungeon, and saw 4 of its levels.

You collected 141 gold pieces.

Inventory:

Hand weapons
 a - a +1,+1 dagger
 b - a +0,+0 short sword
 e - a +0 blowgun
 p - a +0,+0 quarterstaff
 v - a +0,+0 sling
 B - a +0,+0 falchion (weapon)
Missiles
 d - 19 darts (quivered)
 m - 63 bolts
 u - 11 sling bullets of frost
 w - 45 sling bullets
 z - 12 poisoned needles
Armour
 j - a +1 robe (worn)
 k - a +0 helmet (worn)
Magical devices
 C - a wand of frost (13) {unknown}
Scrolls
 g - 3 scrolls of identify {unknown}
 i - a scroll of recharging {unknown}
 l - 4 scrolls of remove curse
 o - a scroll of teleportation {unknown}
 q - 3 scrolls of enchant weapon I {unknown}
 s - a scroll of fear {unknown}
 t - a scroll of noise {unknown}
 F - a scroll of random uselessness {unknown}
 G - a scroll of blinking {unknown}
 H - a scroll of enchant weapon II {unknown}
Jewellery
 y - a ring of sustain abilities (left hand) {unknown}
Potions
 f - 4 potions of curing {unknown}
 h - a potion of invisibility {unknown}
 n - a potion of degeneration {unknown}
 r - a potion of flight {unknown}
 x - a potion of brilliance {unknown}
 A - a potion of haste {unknown}
 D - a potion of restore abilities {unknown}
 E - a potion of heal wounds {unknown}
Books
 c - a book of Maledictions

   Spells                             Type                      Level
   *Corona                            Hexes                        1
   Sure Blade                         Hexes/Charms                 2
   *Ensorcelled Hibernation           Hexes/Ice                    2
   Confuse                            Hexes                        3
   Enslavement                        Hexes                        4
   Invisibility                       Hexes                        6


   Skills:
 - Level 1.1 Short Blades
 - Level 0.7 Throwing
 - Level 2.1 Dodging
 + Level 6.1 Stealth
 - Level 2.0 Spellcasting
 + Level 6.7 Hexes


You had 5 spell levels left.
You knew the following spells:

 Your Spells              Type           Power        Failure   Level  Hunger
a - Corona                Hex            ###....      1%          1    #......
b - Ensorcelled Hibernat  Hex/Ice        ##....       10%         2    ###....


Dungeon Overview and Level Annotations

Branches:
Dungeon (4/15)
 Temple: D:4-7

Altars:
Kikubaaqudgha
Zin


Innate Abilities, Weirdness & Mutations

You heal slowly.
You have razor-sharp teeth.*
You have supernaturally acute eyesight.
You can survive without breathing.*


Message History

The black bear zombie closely misses you.
You hit the black bear zombie.
The black bear zombie closely misses you.
The black bear zombie completely misses you.
The black bear zombie claws you but does no damage.
You hit the black bear zombie but do no damage.
You bite the black bear zombie, but do no damage.
The black bear zombie bites you. The black bear zombie claws you.
The black bear zombie claws you but does no damage.
You hit the black bear zombie. Your bite misses the black bear zombie.
The black bear zombie closely misses you.
The black bear zombie claws you.
* * * LOW HITPOINT WARNING * * *
The black bear zombie claws you.
* * * LOW HITPOINT WARNING * * *
Use which ability? (? or * to list)
You fail to use your ability.
The black bear zombie bites you.
* * * LOW HITPOINT WARNING * * *
The black bear zombie claws you.
You die...

............
....... #..#####
..... .... ..# <..
#..# #.# #.#
#..###.##### #.#
#........... #.#
#.####.####. #z#
#.# #.##...
#@#####.####.##.##
#............##.#
#..####.#######.#
#.......# #.# #.#
#........ #.#
#####.# #.........
#.# #.....#
#...).....##.#
#.##### #
........###.# #.#
####. ######## #.#
#.#


You could see a black bear zombie.

Vanquished Creatures
  Terence (D:3)
  3 adders
  An inept feature mimic (D:2)
  A worm (D:2)
  An orc skeleton (D:3)
  3 oozes
  An orc (D:3)
  3 giant cockroaches
  6 goblins
  10 hobgoblins
  2 quokkas (D:3)
  3 ball pythons
  A ball python zombie (D:3)
  13 bats
  A giant cockroach zombie (D:3)
  5 giant newts
  A goblin skeleton (D:3)
  A goblin zombie (D:3)
  A hobgoblin skeleton (D:3)
  7 jackals
  11 kobolds
  A kobold zombie (D:3)
  9 rats
  A rat skeleton (D:3)
  A rat zombie (D:3)
88 creatures vanquished.

Notes
Turn   | Place    | Note
--------------------------------------------------------------
     0 | D:1      | Psiweapon, the Vampire Enchanter, began the quest for the Orb.
     0 | D:1      | Reached XP level 1. HP: 13/13 MP: 3/3
   380 | D:1      | Reached XP level 2. HP: 17/19 MP: 2/4
   393 | D:1      | Reached skill level 5 in Hexes
   467 | D:1      | Learned a level 2 spell: Ensorcelled Hibernation
  1329 | D:1      | Reached XP level 3. HP: 24/24 MP: 6/6
  2364 | D:2      | Reached skill level 5 in Stealth
  2444 | D:2      | Reached skill level 6 in Hexes
  2504 | D:2      | Found a glowing silver altar of Zin.
  2504 | D:2      | Found an ancient bone altar of Kikubaaqudgha.
  2525 | D:2      | Reached XP level 4. HP: 8/30 MP: 7/7
  3142 | D:3      | Noticed Terence
  3155 | D:3      | Killed Terence
  4361 | D:3      | Reached XP level 5. HP: 35/35 MP: 6/9
  4466 | D:4      | Slain by a black bear zombie

Action                   |  1- 3 |  4- 6 || total
-------------------------+-------+-------++-------
Melee: Dagger            |   102 |    63 ||   165
       Short sword       |    21 |    12 ||    33
       Falchion          |       |    16 ||    16
 Fire: Sling             |     4 |       ||     4
Throw: Dart              |     7 |       ||     7
 Cast: Corona            |     9 |     4 ||    13
       Ensorcelled Hiber |    25 |    18 ||    43
 Abil: End Transformatio |       |     1 ||     1
       Bat Form          |       |     1 ||     1
  Use: Scroll            |     1 |       ||     1
 Stab: Sleeping          |    32 |    20 ||    52
       Distracted        |     1 |       ||     1
